 Dungeon Crawl Stone Soup version 0.30-a0-23-ge60ba3568b (webtiles) character file.

Game seed: 387121439088888043

541 QueenGhuleh the Chopper (level 7, -5/61 HPs)
             Began as a Minotaur Berserker on Aug 24, 2022.
             Was a Priest of Trog.
             Slain by an orc
             ... wielding a +2 dagger of electrocution
              (18 damage)
             ... on level 4 of the Dungeon.
             The game lasted 00:06:22 (3372 turns).

QueenGhuleh the Chopper (Minotaur Berserker)        Turns: 3372, Time: 00:06:23

Health: -5/61      AC:  6    Str: 24    XL:     7   Next: 5%
Magic:  6/6        EV: 11    Int:  4    God:    Trog [***...]
Gold:   159        SH:  0    Dex:  9    Spells: 6/6 levels left

rFire   . . .      SeeInvis .    a - +0 hand axe
rCold   . . .      Faith    .    (no shield)
rNeg    . . .      Spirit   .    e - +0 ring mail
rPois   .          Reflect  .    (helmet restricted)
rElec   .          Harm     .    (no cloak)
rCorr   .          Rampage  .    (no gloves)
Will    .....                    (no boots)
Stlth   ..........               (no amulet)
HPRegen 0.20/turn                (no ring)
MPRegen 0.10/turn                (no ring)

@: no status effects
A: horns 2, retaliatory headbutt
a: Renounce Religion, Berserk, Trog's Hand


You were on level 4 of the Dungeon.
You worshipped Trog.
Trog was most pleased with you.
You visited 1 branch of the dungeon, and saw 4 of its levels.

You collected 159 gold pieces.

Inventory:

Hand Weapons
 a - a +0 hand axe (weapon)
Armour
 b - a +0 animal skin
 e - a +0 ring mail (worn)
Jewellery
 r - a ring of positive energy
 s - a ring of flight
 t - an amulet of magic regeneration
Scrolls
 f - 3 scrolls of blinking {unknown}
 g - 3 scrolls of enchant weapon {unknown}
 i - 2 scrolls of magic mapping {unknown}
 k - 2 scrolls of fear {unknown}
 l - a scroll of summoning {unknown}
 n - a scroll of brand weapon {unknown}
 o - 2 scrolls of noise {unknown}
 p - a scroll of identify {unknown}
 w - a scroll of teleportation {unknown}
 x - a scroll of enchant armour {unknown}
Potions
 c - 3 potions of heal wounds {unknown}
 d - 2 potions of degeneration {unknown}
 h - 2 potions of ambrosia {unknown}
 j - 2 potions of lignification {unknown}
 m - a potion of flight {unknown}
 q - a potion of attraction {unknown}
 u - 2 potions of curing {unknown}
 v - a potion of mutation {unknown}


   Skills:
 + Level 5.1 Fighting
 + Level 7.2 Axes
 + Level 4.7 Armour
 + Level 3.5 Dodging
 + Level 0.3 Stealth


You had 6 spell levels left.
You didn't know any spells.
Your spell library was empty.

Dungeon Overview and Level Annotations

Branches:
Dungeon (4/15)
 Temple: D:4-7

Altars:
The Shining One

Shops:
D:2 [


Innate Abilities, Weirdness & Mutations

You have a pair of horns on your head.
You reflexively headbutt those who attack you in melee.


Message History

An orc is nearby!
You are too injured to fight recklessly!
You are too injured to fight recklessly!
You are too injured to fight recklessly!
An orc comes into view.
It is wielding a +0 club and quivering poisoned darts.
The orc shouts! x2; You hear a shout! 2 orcs come into view.
An orc is wielding a +2 dagger of electrocution.
Found an escape hatch in the ceiling.
The orc shouts!
You hear a shout!
The orc throws a poisoned dart.
The poisoned dart closely misses you.
An orc comes into view. It is wielding a +0 short sword.
You hit the orc.
The orc is severely wounded.
The orc closely misses you.
You hit the orc.
You kill the orc!
Trog accepts your kill. The orc hits you but does no damage.
The orc barely misses you. The orc hits you with a +0 club.
* * * LOW HITPOINT WARNING * * *
Things that are here:
a +0 whip; a +0 chain mail; an orc corpse You hit the orc.
The orc is moderately wounded.
You barely miss the orc. You closely miss the orc. The orc misses you.
The orc hits you with a +0 trident.
* * * LOW HITPOINT WARNING * * *
The orc barely misses you. You furiously retaliate!
You headbutt the orc, but do no damage. The orc attacks as you move away!
The orc barely misses you. x2
You furiously retaliate!
You headbutt the orc. The orc hits you but does no damage.
The orc attacks as you move away! The orc closely misses you.
You hit the orc.
You kill the orc!
Trog accepts your kill.
You hit the orc but do no damage. The orc hits you but does no damage.
You are electrocuted!!
You die...

.# ..# #...#
#.#..########.## .#
#...# #.#....#.. #.##
.# #.#'###.#..#.#.# #.#
.# #.....#......#.# #.#
##
#..........#...##.#.#
#..........#.#....#.#
####
###....))....#.#.####.#
...#
...........#......#...#
...#
####...@...#.#......###
...+
#.....o)...#.....####
...# #.....o)o..#.###..
...# ####.........# #..
...#
..............##..#
##.#
...........#......#
...####
##.........#.......
#.....# .....<.....# ..
#.###.# .........###


You could see 3 orcs.

Vanquished Creatures
  Sigmund (D:3)
  A necrophage (D:4)
  A scorpion (D:4)
  An orc priest (D:4)
  An orc wizard (D:4)
  12 adders
  An ufetubus (D:4)
  2 worms
  A dart slug (D:1)
  8 orcs
  4 bats
  6 endoplasms
  6 giant cockroaches
  7 goblins
  3 hobgoblins (D:2)
  3 jackals (D:3)
  10 kobolds
  4 quokkas
  4 ball pythons
  3 frilled lizards
  15 rats
94 creatures vanquished.

Vanquished Creatures (others)
  2 plants (D:2)
2 creatures vanquished.

Grand Total: 96 creatures vanquished

Notes
Turn   | Place    | Note
-------+----------+-------------------------------------------
     0 | D:1      | QueenGhuleh the Minotaur Berserker began the quest for the
                  | Orb.
     0 | D:1      | Reached XP level 1. HP: 19/19 MP: 0/0
   294 | D:1      | Reached skill level 4 in Axes
   294 | D:1      | Reached XP level 2. HP: 26/27 MP: 1/1
   322 | D:1      | Found a faded altar of an unknown god.
   745 | D:2      | Reached XP level 3. HP: 27/33 MP: 2/2
   961 | D:2      | Reached ** piety under Trog
  1059 | D:2      | Found a glowing golden altar of the Shining One.
  1376 | D:2      | Reached XP level 4. HP: 40/40 MP: 3/3
  1710 | D:2      | Found Neohal's Antique Armour Boutique.
  1758 | D:3      | Reached skill level 5 in Axes
  1923 | D:3      | Reached *** piety under Trog
  2088 | D:3      | Reached XP level 5. HP: 45/47 MP: 4/4
  2294 | D:3      | Noticed Sigmund
  2303 | D:3      | Killed Sigmund
  2304 | D:3      | Reached skill level 6 in Axes
  2304 | D:3      | Reached XP level 6. HP: 16/55 MP: 5/5
  2820 | D:4      | Reached skill level 5 in Fighting
  3277 | D:4      | Reached skill level 7 in Axes
  3288 | D:4      | Reached XP level 7. HP: 9/61 MP: 6/6
  3372 | D:4      | Slain by an orc

Illustrated notes

Levels and vault maps discovered:
D:1:      dpeg_arrival_round_b, layout_loops_cross,
          shapermc_ecumenical_altar_acropolis
D:2:      layout_basic, serial_shops, nicolae_shop_overgrown_old_shop,
          basic_altar, minmay_misc_feat_hallway, minmay_rat_gold_closets
D:3:      layout_rooms, kennysheep_pointless_box, minmay_increasing_density,
          uniq_sigmund
D:4:      layout_basic

Skill      XL: |  1  2  3  4  5  6 |
---------------+-------------------+-----
Axes           | 4 5 6 7 |  7.2
Fighting       | 4 5 |  5.1
Armour         | 3 4 |  4.7
Dodging        | 3 |  3.5
Stealth        | |  0.3

Action                   |  1- 3 |  4- 6 |  7- 9 || total
-------------------------+-------+-------+-------++-------
Melee: Hand axe          |    67 |   134 |    15 ||   216
       Headbutt          |     6 |    15 |     2 ||    23
       Punch             |       |     1 |       ||     1
Armor: Ring mail         |    18 |    47 |     7 ||    72
Dodge: Dodged            |    41 |    90 |    18 ||   149

Table legend: (Time is in decaauts)
 A = Elapsed time spent in this place.
 B = Non-inter-level travel time spent in this place.
 C = Inter-level travel time spent in this place.
 D = Time resting spent in this place.
 E = Time spent auto-exploring this place.
 F = Levels seen in this place.
 G = Mean time per level.
                   A        B        C        D        E       F      G
               +--------+--------+--------+--------+--------+-----+--------+
         Total |   3378 |   3306 |     72 |      0 |   2796 |   4 |  844.5 |
       Dungeon |   3378 |   3306 |     72 |      0 |   2796 |   4 |  844.5 |
               +--------+--------+--------+--------+--------+-----+--------+

Top non-repeatable levels by time:
     D:2: 1026 daAuts
     D:3: 898 daAuts
     D:1: 732 daAuts
     D:4: 721 daAuts
